 Dungeon Crawl Stone Soup version 0.26-a0-215-g1b87330c0f (webtiles) character file.

Game seed: 10210082169054539838

285 BritishOli the Slasher (level 6, -3/49 HPs)
             Began as a Demonspawn Gladiator on July 6, 2020.
             Slain by a lemure (5 damage)
             ... led by Pikel
             ... on level 5 of the Dungeon.
             The game lasted 00:05:27 (3806 turns).

BritishOli the Slasher (Demonspawn Gladiator)       Turns: 3806, Time: 00:05:27

Health: -3/49      AC:  9    Str: 17    XL:     6   Next: 7%
Magic:  6/6        EV: 12    Int:  9    God:
Gold:   78         SH:  0    Dex: 14    Spells: 5/5 levels left

rFire    x . .     SeeInvis .   a - +0 long sword
rCold    + . .     Faith    .   (no shield)
rNeg     . . .     Spirit   .   r - +0 ring mail (curse)
rPois    +         Reflect  .   c - +0 helmet
rElec    .         Harm     .   (no cloak)
rCorr    .                      h - +0 pair of gloves
MR       .....                  (no boots)
Stlth    +.........             (no amulet)
HPRegen  0.16/turn              s - ring of poison resistance
MPRegen  0.10/turn              t - ring of ice

@: about to teleport
A: talons 1, rugged brown scales 2
a: no special abilities


You were on level 5 of the Dungeon.
You were not hungry.

You visited 1 branch of the dungeon, and saw 5 of its levels.

You collected 114 gold pieces.
You spent 36 gold pieces at shops.

Inventory:

Hand Weapons
 a - a +0 long sword (weapon)
Missiles
 d - 3 throwing nets (quivered)
Armour
 c - a +0 helmet (worn)
 h - a +0 pair of gloves (worn)
 r - a cursed +0 ring mail (worn)
Jewellery
 s - a ring of poison resistance (left hand)
 t - a ring of ice (right hand)
Scrolls
 g - 4 scrolls of identify {unknown}
 k - 2 scrolls of remove curse {unknown}
 l - 4 scrolls of teleportation
 m - a scroll of fog {unknown}
 n - a scroll of immolation {unknown}
 p - 2 scrolls of amnesia {unknown}
 u - 2 scrolls of fear {unknown}
 v - a scroll of noise {unknown}
Potions
 b - a potion of mutation {unknown}
 e - 2 potions of haste
 i - a potion of might {unknown}
 j - a potion of berserk rage {unknown}
 o - 2 potions of heal wounds {unknown}
 q - 2 potions of flight {unknown}
 w - a potion of cancellation {unknown}
Comestibles
 f - 2 rations


   Skills:
 + Level 3.5 Fighting
 + Level 3.8 Long Blades
 - Level 2.0 Throwing
 + Level 2.4 Armour
 + Level 3.8 Dodging


You had 5 spell levels left.
You didn't know any spells.
Your spell library contained the following spells:

 Spells                   Type           Power        Failure   Level
 Malign Gateway           Summ/Tloc      #.........   100%        7
 Monstrous Menagerie      Summ           #.........   100%        7
 Summon Greater Demon     Summ           #.........   100%        7
 Summon Horrible Things   Summ           #.........   100%        8


Dungeon Overview and Level Annotations

Branches:
Dungeon (5/15)
 Temple: D:4-7

Altars:
Ashenzari
Kikubaaqudgha
Nemelex Xobeh

Shops:
D:4 (*}

Annotations:
D:5 Pikel


Innate Abilities, Weirdness & Mutations

You have sharp toenails.
You are mostly covered in rugged brown scales. (AC +2, +5% HP)


Message History

The orc wizard shouts!
You hear a zap.
You hear a grinding noise.
The orc wizard casts a spell.
The orc wizard flickers and vanishes!
Deactivating autopickup; reactivate with Ctrl-A.
You hear a zap.
You hear a grinding noise.
As you read the scroll of teleportation, it crumbles to dust.
You feel strangely unstable. The lemure misses you.
You riposte.
You hit the lemure but do no damage. Your kick misses the lemure.
Something hits you but does no damage.
You barely miss something. You claw something. The lemure hits you!
* * * LOW HITPOINT WARNING * * *
You closely miss something. You claw something. The lemure closely misses you.
You hear some strange, mumbled words.
A puff of flame appears from out of thin air!
The puff of flame hits you! The fire burns you terribly!
* * * LOW HITPOINT WARNING * * *
The lemure barely misses you. The lemure hits you but does no damage.
You hit something. Your kick misses something.
Something hits you but does no damage. The lemure hits you.
You die...

##.##....#....#.....#....
#...##.##...#.#..######..
#.#.#.. ..##...## #.#5###
.## #. ..#..# #.###.## ..
#..### ..# ##..5#### ##
###5@{.# ####...... #####


You could see 2 lemures.

Vanquished Creatures
  2 lemures (D:4)
  2 hounds
  An orc wizard (D:3)
  A worker ant (D:4)
  7 adders
  2 worms
  2 dart slugs (D:1)
  5 leopard geckos
  6 orcs (D:3)
  A ball python (D:1)
  11 bats
  6 giant cockroaches
  4 hobgoblins
  10 jackals
  8 kobolds
  4 quokkas
  8 frilled lizards
  10 goblins
  A quokka skeleton (D:4)
  5 rats
96 creatures vanquished.

Vanquished Creatures (others)
  A human (D:4)
1 creature vanquished.

Grand Total: 97 creatures vanquished

Notes
Turn   | Place    | Note
-------+----------+-------------------------------------------
     0 | D:1      | BritishOli the Demonspawn Gladiator began the quest for the
                  | Orb.
     0 | D:1      | Reached XP level 1. HP: 16/16 MP: 1/1
   193 | D:1      | Found a shattered altar of Ashenzari.
   306 | D:1      | Gained mutation: You are partially covered in rugged brown
                  | scales. (AC +1, +3% HP) [demonic ancestry]
   306 | D:1      | Reached XP level 2. HP: 15/22 MP: 2/2
   871 | D:1      | Gained mutation: You have sharp toenails. [demonic
                  | ancestry]
   871 | D:1      | Reached XP level 3. HP: 28/28 MP: 3/3
   901 | D:1      | Reached skill level 1 in Armour
  1323 | D:2      | Reached XP level 4. HP: 24/35 MP: 4/4
  2172 | D:3      | Gained mutation: You are mostly covered in rugged brown
                  | scales. (AC +2, +5% HP) [demonic ancestry]
  2172 | D:3      | Reached XP level 5. HP: 32/43 MP: 5/5
  2504 | D:3      | Found a sparkling altar of Nemelex Xobeh.
  2992 | D:4      | Found Wejof's Antique Weapon Shop.
  3039 | D:4      | Found Zesafuh's General Store.
  3040 | D:4      | Found Beteisek's Gadget Boutique.
  3043 | D:4      | Bought a scroll of teleportation for 36 gold pieces
  3166 | D:4      | Found an ancient bone altar of Kikubaaqudgha.
  3167 | D:4      | Noticed a human
  3171 | D:4      | Killed a human
  3353 | D:4      | Reached XP level 6. HP: 41/49 MP: 6/6
  3525 | D:5      | Entered Level 5 of the Dungeon
  3525 | D:5      | Noticed Pikel
  3805 | D:5      | HP: 2/49 [something/puff of flame (10)]
  3806 | D:5      | Slain by a lemure

Illustrated notes

Levels and vault maps discovered:
D:1:      beargit_arrival_greenhouse, layout_loops_corners, ashenzari_altar_1
D:2:      layout_rooms
D:3:      layout_basic, old_standard_altar, first_ration,
          minmay_fractal_squares_gapless_5
D:4:      layout_loops_ring, serial_shops, shop, shop, shop, tgw_kikubaaqudgha
D:5:      minmay_general_purpose_star, layout_rooms,
          nicolae_overflow_hidden_temple, minmay_misc_feat_columns, uniq_pikel,
          uniq_duvessa, uniq_crazy_yiuf_cottage, uniq_blork_the_orc

Skill      XL: |  1  2  3  4  5 |
---------------+----------------+-----
Throwing       | 2 |  2.0
Dodging        | 3 |  3.8
Long Blades    | 3 |  3.8
Armour         | 1 2 |  2.4
Fighting       | 3 |  3.5

Action                   |  1- 3 |  4- 6 || total
-------------------------+-------+-------++-------
Melee: Long sword        |    94 |   180 ||   274
       Kick              |    12 |    57 ||    69
  Use: Scroll            |       |     1 ||     1
 Stab: Sleeping          |     1 |       ||     1
  Eat: Ration            |     1 |     2 ||     3
Armor: Leather armour    |    34 |    30 ||    64
       Ring mail         |       |    73 ||    73
Dodge: Dodged            |    83 |   156 ||   239
       Rpst.: Long sword |    27 |    50 ||    77

Table legend:
 A = Non-vault XP
 B = Vault XP
 C = Vault XP percentage of total XP
 D = Non-vault monster count
 E = Vault monster count
 F = Vault count percentage of total count
                 A         B        C        D         E       F
            +---------+---------+-------+---------+---------+-------
      Total |     390 |      18 |   4.4 |      90 |       4 |   4.3
            +---------+---------+-------+---------+---------+-------
        D:1 |      57 |       0 |   0.0 |      31 |       0 |   0.0
        D:2 |      62 |       0 |   0.0 |      20 |       0 |   0.0
        D:3 |     158 |      18 |  10.2 |      29 |       4 |  12.1
        D:4 |     113 |       0 |   0.0 |      10 |       0 |   0.0
            +---------+---------+-------+---------+---------+-------
